[Event "*** SCC Grand Prix: Titled Tuesday Blitz"]
[Site "Chess.com"]
[Date "2020.10.13"]
[Round "9"]
[White "margarita_2703"]
[Black "Iskusnyh"]
[Result "1/2-1/2"]
[WhiteElo "2412"]
[BlackElo "2565"]
[TimeControl "180+1"]
[EndTime "11:45:17 PDT"]
[Termination "Game drawn by stalemate"]

1. Nf3 d5 2. d4 Nf6 3. c4 c6 4. Nc3 a6 5. cxd5 cxd5 6. Bf4 Nc6 7.
e3 Bg4 8. h3 Bxf3 9. Qxf3 e6 10.
Bd3 Bd6 11. Bxd6 Qxd6 12. O-O O-O 13. Rac1 b5 14. Rfd1 Rfc8 15. Bb1 Ne7 16. e4 dxe4 17. Nxe4 Nxe4 18. Qxe4 g6 19. Qe5 Qd8 20. Be4 Rxc1 21. Rxc1 Rc8 22. Rxc8 Qxc8 23. Qd6 Nf5 24. Bxf5 gxf5 25.
d5 exd5 26. Qxd5 Qc1+ 27. Kh2 Qf4+ 28. Kg1 Kg7 29. Qc6 Qe5 30. Qc2 Qe1+ 31. Kh2 Qe5+ 32.
Kg1 h6 33. Qd2 Kg6 34. Qc2 Kf6 35. Qd2 Qc5 36. Qxh6+ Ke7 37. Qg5+ Ke6 38. Qe3+ Qxe3 39. fxe3 Ke5 40. Kf2 Ke4 41. h4 f4 42. exf4 Kxf4 43. g3+ Kg4 44. Kg2 b4 45. a3 bxa3 46. bxa3 a5 47. a4 f5 48. Kf2 f4 49. gxf4 Kxf4 50. h5 Kg4 51. Ke3 Kxh5 52. Kd4 Kg6 53. Kc5 Kf7 54.
Kb5 Ke8 55. Kxa5 Kd8 56. Ka6 Kc8 57. Ka7 Kc7 58. a5 Kc8 59. a6 Kc7 60. Ka8 Kc8 61. a7 Kc7 1/2-1/2

[Event "*** SCC Grand Prix: Titled Tuesday Blitz"]
[Site "Chess.com"]
[Date "2020.10.13"]
[Round "9"]
[White "chito89"]
[Black "rasmussvane"]
[Result "1/2-1/2"]
[WhiteElo "2802"]
[BlackElo "2901"]
[TimeControl "180+1"]
[EndTime "11:45:19 PDT"]
[Termination "Game drawn - insufficient material"]

1. e4 c6 2. d4 d5 3. f3 e6 4. Nc3 Bb4 5. Qd3 Ne7 6. Bd2 b6 7. O-O-O Ba6 8. Qe3 Bxf1 9. Rxf1 O-O 10. Nge2 c5 11. a3 Bxc3 12. Bxc3 c4 13. Bb4 Nbc6 14. Bxe7 Nxe7 15. h4 b5 16. h5 a5 17. h6 g6 18. Qf4 f6 19. Qe3 Qd6 20. Re1 b4 21. a4 b3 22. Nf4 Rfe8 23. e5 Qc6 24. exf6 Nf5 25. Qe5 c3 26. cxb3 Rab8 27. Re2 Rxb3 28. Nxe6 cxb2+ 29. Kb1 Rb7 30. Rxb2 Rxb2+ 31. Kxb2 Qb6+ 32.
Ka1 Rxe6 33. Qxd5 Qxd4+ 34. Qxd4 Nxd4 35. Rd1 Nf5 36. Rd8+ Kf7 37. Rd7+ Kxf6 38. Rxh7 Re1+ 39. Kb2 Re2+ 40. Kc3 Rxg2 41. Rh8 Rh2 42. h7 Kg7 43. Ra8 Kxh7 44. Rxa5 Rh3 45. Ra7+ Kh6 46. a5 Rxf3+ 47. Kb4 Nd4 48. Rc7 Rf4 49. a6 Ne6+ 50. Rc4 Rf7 51.
Ka5 g5 52. Kb6 Kh5 53. a7 Rxa7 54. Kxa7 g4 55. Rxg4 Kxg4 1/2-1/2

[Event "*** SCC Grand Prix: Titled Tuesday Blitz"]
[Site "Chess.com"]
[Date "2020.10.13"]
[Round "9"]
[White "xamax2000"]
[Black "bait_or_mate"]
[Result "1-0"]
[WhiteElo "2669"]
[BlackElo "2519"]
[TimeControl "180+1"]
[EndTime "11:45:19 PDT"]
[Termination "xamax2000 won on time"]

1. d4 Nf6 2. c4 e6 3. Nf3 d5 4. Nc3 a6 5. cxd5 exd5 6. Bg5 Be6 7. Bxf6 Qxf6 8. Qb3 Ra7 9. g3 c6 10. h4 Nd7 11. Bh3 Bxh3 12. Rxh3 Bd6 13. O-O-O O-O 14. h5 Re8 15. Qc2 Raa8 16. Kb1 Qe7 17. Nd2 Nf6 18. e3 Qe6 19. Rh4 Rac8 20. Qd3 Be7 21. Rhh1 Ng4 22.
Qe2 Bd6 23. Ka1 Bb4 24. Na4 b5 25. Nc3 Bxc3 26. bxc3 c5 27. Nb3 cxd4 28. cxd4 Qf5 29. Rd2 Rc3 30. Nc5 a5 31. Kb2 b4 32. Rc1 Rxc1 33. Kxc1 h6 34. Qb5 Rc8 35. Qxa5 Nxf2 36.
Kb2 Ne4 37. Rc2 Nxc5 38. dxc5 Qe4 39. c6 Qe5+ 40. Kb1 Qd6 41. Qb5 d4 42. exd4 Qxd4 43. c7 Qd1+ 44. Kb2 Qd4+ 45. Kb3 Qe3+ 46. Kxb4 Qd4+ 47.
Kb3 Qe3+ 48. Kb2 Qd4+ 49. Kb1 Qd1+ 50. Rc1 Qg4 51. Qc5 Qe4+ 52. Ka1 Qe6 53. Rb1 Qf6+ 54. Rb2 1-0

[Event "*** SCC Grand Prix: Titled Tuesday Blitz"]
[Site "Chess.com"]
[Date "2020.10.13"]
[Round "9"]
[White "aloe_normansen"]
[Black "SophieNikoladze"]
[Result "0-1"]
[WhiteElo "2343"]
[BlackElo "2259"]
[TimeControl "180+1"]
[EndTime "11:45:20 PDT"]
[Termination "SophieNikoladze won by resignation"]

1. e4 d6 2. d4 Nf6 3. Nc3 Nbd7 4. g3 e5 5. Nge2 Be7 6. Bg2 c6 7. a4 Qc7 8. O-O O-O 9. h3 Rb8 10. g4 Ne8 11. Be3 b6 12. f4 Bb7 13. Ng3 exf4 14.
Bxf4 g6 15. Bh6 Ng7 16. Qd2 d5 17. e5 c5 18. Nxd5 Bxd5 19. Bxd5 cxd4 20. Rae1 Rbc8 21. Rf2 Bh4 22. Kg2 Nxe5 23. Bf4 Nc4 24. Bxc7 Nxd2 25.
Bd6 Rfd8 26. Bxf7+ Kh8 27. Be5 Bg5 28. h4 Be3 29. Rf6 Rxc2 30. Kh3 Rc5 31. Re6 Nf3 32. Bxg7+ Kxg7 33. Rf1 Ne5 34. Re7 Rd7 35. Rxd7 Nxd7 36. Be6 Ne5 37. Ne4 Rc6 38. Bd5 Rc2 39. g5 d3 40. Nd6 Rf2 41. Re1 d2 42. Rxe3 d1=Q 43.
Rxe5 Qd3+ 44. Kg4 Qd4+ 45. Ne4 Qxe5 46. Nxf2 Qxd5 47. Kf4 Qd4+ 48. Kf3 Qxb2 49. Ne4 Qa3+ 50. Kf4 Qxa4 51. Ke5 Qb5+ 0-1

[Event "*** SCC Grand Prix: Titled Tuesday Blitz"]
[Site "Chess.com"]
[Date "2020.10.13"]
[Round "9"]
[White "TimofeevAr"]
[Black "mirceaparligras"]
[Result "1/2-1/2"]
[WhiteElo "2808"]
[BlackElo "2645"]
[TimeControl "180+1"]
[EndTime "11:45:21 PDT"]
[Termination "Game drawn by repetition"]

1. Nf3 d5 2. d3 Nf6 3. Bg5 e6 4. Nbd2 Be7 5. e4 O-O 6. Be2 b6 7.
O-O Bb7 8. e5 Nfd7 9. Bxe7 Qxe7 10. d4 c5 11. c3 Ba6 12. Bxa6 Nxa6 13. Qa4 Nc7 14. Rfe1 c4 15. Qc2 b5 16. h4 h6 17.
g3 b4 18. Kg2 Rfb8 19. b3 bxc3 20. Qxc3 Nb5 21. Qe3 c3 22. Nf1 Qa3 23. Qd3 a5 24. Ne3 a4 25. Nc2 Qe7 26. g4 Nf8 27. h5 axb3 28.
axb3 Qb7 29. Ra4 Rc8 30. Rb4 Rab8 31. g5 hxg5 32. Nxg5 Qe7 33. f4 Na3 34. Rxb8 Nxc2 35. Qxc2 Rxb8 36. Qxc3 Qb4 37. Re3 Qa3 38. Rg3 Qa2+ 39.
Kh3 Qa7 40. b4 Qd7 41. Rg2 Qe7 42. Qc5 Qd7 43. Rc2 Nh7 44. Qd6 Qb5 45. Kh4 Rf8 46.
Nxh7 Kxh7 47. Qxf8 Qf1 48. Qxf7 Qe1+ 49. Kh3 Qh1+ 50.
Kg3 Qg1+ 51. Rg2 Qe1+ 52. Kh3 Qh1+ 53. Kg4 Qxg2+ 54. Kh4 Qh2+ 55. Kg4 Qg2+ 56. Kh4 Qh2+ 57. Kg4 Qg2+ 1/2-1/2

[Event "*** SCC Grand Prix: Titled Tuesday Blitz"]
[Site "Chess.com"]
[Date "2020.10.13"]
[Round "9"]
[White "davidkalashian"]
[Black "Rodalquilar"]
[Result "0-1"]
[WhiteElo "2586"]
[BlackElo "2767"]
[TimeControl "180+1"]
[EndTime "11:45:23 PDT"]
[Termination "Rodalquilar won on time"]

1. d4 d5 2. Nf3 Nf6 3. c4 e6 4.
Nc3 a6 5. cxd5 exd5 6. Bg5 Be6 7. e3 Nbd7 8. Rc1 Bd6 9. Bd3 c6 10. O-O Qc7 11. Bh4 h6 12. Bg3 Bxg3 13. hxg3 O-O 14. b4 Rfc8 15. a4 b6 16. Qe2 Qd6 17. Bxa6 Re8 18.
Rb1 Bg4 19. Rfc1 Ne4 20. Bb7 Rad8 21. Bxc6 Nxg3 22. fxg3 Qxc6 23. Qf2 Rc8 24. Ne5 Nxe5 25. dxe5 Rxe5 26. Qf4 Qe6 27. Nb5 Rxc1+ 28. Rxc1 Rxe3 29. Nd4 Qe4 30. Qxe4 Rxe4 31. Nc6 Bd7 32. a5 bxa5 33. Nb8 Bb5 34. bxa5 Re8 35. Nc6 Kf8 36. Nd4 Bc4 37. Ra1 Ra8 38. Kf2 Ke7 39. Ke3 Kd6 40. Nf5+ Kc5 41.
Nxg7 d4+ 42. Kd2 Rb8 43. Kc1 d3 44. a6 Kd4 45. a7 Ra8 46. Nf5+ Kc3 47. Ra3+ Bb3 48. Ne3 d2+ 49. Kb1 Kb4 0-1

[Event "*** SCC Grand Prix: Titled Tuesday Blitz"]
[Site "Chess.com"]
[Date "2020.10.13"]
[Round "9"]
[White "parintele_chess"]
[Black "esrosenberg"]
[Result "1-0"]
[WhiteElo "2156"]
[BlackElo "2285"]
[TimeControl "180+1"]
[EndTime "11:45:23 PDT"]
[Termination "parintele_chess won on time"]

1. c4 e5 2. g3 Nc6 3. Bg2 f5 4. Nc3 Nf6 5. Nf3 Bb4 6. d4 e4 7. Nh4 d5 8. O-O dxc4 9. d5 Bxc3 10. dxc6 Qxd1 11. Rxd1 Be5 12. cxb7 Bxb7 13. Nxf5 O-O 14.
Ne3 Rad8 15. Rxd8 Rxd8 16. Nxc4 Rd1+ 17. Bf1 Bd4 18. Be3 Rxa1 19. Bxd4 Ng4 20. h3 Nh2 21. Kxh2 Rxf1 22. Kg2 Rc1 23. Ne3 a5 24. Bc3 Ba6 25. f3 Bxe2 26. fxe4 Bd3 27. e5 Be4+ 28. Kf2 a4 29. g4 a3 30. Bd4 axb2 31. Bxb2 Rh1 32.
Kg3 Rg1+ 33. Kf4 Bg6 34. Bd4 Rb1 35. e6 Rb4 36. Ke5 Rb5+ 37. Kf4 Kf8 38. Nf5 Bxf5 39.
gxf5 Rb4 40. Ke3 Ra4 41. a3 Rxa3+ 42. Ke4 Ra4 43. Ke5 Ke7 44. Bc5+ Ke8 45. Kd5 Rh4 46. Kc6 Rc4 47. Kd5 Rc3 48. Bd4 Rxh3 49. Bxg7 Rh5 50. Ke4 Rh4+ 51. Ke5 Rh1 52. f6 Rh5+ 53. Kf4 1-0

[Event "*** SCC Grand Prix: Titled Tuesday Blitz"]
[Site "Chess.com"]
[Date "2020.10.13"]
[Round "9"]
[White "Gerodot71"]
[Black "esapunov"]
[Result "0-1"]
[WhiteElo "2468"]
[BlackElo "2656"]
[TimeControl "180+1"]
[EndTime "11:45:24 PDT"]
[Termination "esapunov won by resignation"]

1. d4 Nf6 2. c4 g6 3. Nc3 Bg7 4. e4 O-O 5. Be2 d6 6. Be3 e5 7.
d5 Na6 8. g4 Nc5 9. f3 h5 10. g5 Nh7 11. h4 f6 12. Nh3 Bxh3 13. Rxh3 fxg5 14. hxg5 a5 15. Qd2 Qe7 16. O-O-O Rf7 17.
Kb1 Raf8 18. Rg1 Rf4 19. Bd1 Nxg5 20. Rhg3 Nxf3 21. Bxf3 Rxf3 22. Rxg6 Rf1+ 23. Kc2 Rxg1 24. Rxg1 Rf3 25. Bxc5 dxc5 26. Qh6 Qf7 27. Kb3 Rf6 28. Qe3 Rb6+ 29. Kc2 Qf4 30. Qe2 Rh6 31. d6 cxd6 32. Nd5 Qf7 33. Kb3 Kh7 34. Ka4 Qd7+ 35. Ka3 h4 36. Qh2 h3 37. Rg3 Rh4 38. Ne3 b5 39. Nf5 b4+ 40. Kb3 a4+ 41. Kc2 Rh5 42. Rxg7+ Qxg7 43. Nxg7 Kxg7 44. Kd3 Kh6 45. Ke3 Kg5 46. Kf3 Rh4 47. Qg3+ Kh5 48. Qh2 Kg5 49. b3 a3 50.
Ke3 Kg4 51. Qg1+ Kh5 52. Qh2 Kg5 53. Kf3 Rf4+ 54. Kg3 Rg4+ 55. Kf3 Kh4 56. Ke3 Rg3+ 57. Kf2 Rg2+ 58. Qxg2 hxg2 59. Kxg2 Kg4 0-1

[Event "*** SCC Grand Prix: Titled Tuesday Blitz"]
[Site "Chess.com"]
[Date "2020.10.13"]
[Round "9"]
[White "Mikedannnn"]
[Black "GM_Huschenbeth"]
[Result "1-0"]
[WhiteElo "2505"]
[BlackElo "2340"]
[TimeControl "180+1"]
[EndTime "11:45:24 PDT"]
[Termination "Mikedannnn won on time"]

1. e4 e5 2. Nf3 Nc6 3. Bb5 a6 4.
Bxc6 dxc6 5. O-O Qf6 6. d4 exd4 7. Qxd4 Qxd4 8. Nxd4 c5 9. Nb3 Bd7 10. Bf4 O-O-O 11.
Nc3 Bc6 12. Na5 Ne7 13. Rad1 Rxd1 14. Rxd1 Be8 15. Nc4 b6 16. Ne3 Bc6 17. Ned5 Nxd5 18. Nxd5 Bxd5 19. Rxd5 Be7 20. f3 h5 21. Kf2 c4 22.
Be3 b5 23. f4 c6 24. Rd1 Kc7 25. Kf3 a5 26. e5 g6 27. Ke4 Re8 28. g3 a4 29. h3 a3 30. b3 cxb3 31. cxb3 c5 32. Rc1 c4 33. bxc4 b4 34. c5 Kc6 35. g4 hxg4 36.
hxg4 Rb8 37. Rb1 Kb5 38. Rc1 b3 39. axb3 a2 40. Ra1 Ra8 41. f5 gxf5+ 42. gxf5 Kb4 43. c6 Kxb3 44. Bd4 Ba3 45. c7 Rc8 46. Rd1 Rxc7 47. e6 fxe6 48. Rd3+ Ka4 49. fxe6 Rc4 50. e7 a1=Q 51. e8=Q+ Ka5 52. Qa8+ Kb5 53. Qd5+ Kb4 54. Qxc4+ Kxc4 55. Bxa1 1-0

[Event "*** SCC Grand Prix: Titled Tuesday Blitz"]
[Site "Chess.com"]
[Date "2020.10.13"]
[Round "9"]
[White "ural58"]
[Black "tylityli"]
[Result "1-0"]
[WhiteElo "2340"]
[BlackElo "2212"]
[TimeControl "180+1"]
[EndTime "11:45:24 PDT"]
[Termination "ural58 won on time"]

1. e4 e5 2. f4 d5 3. exd5 e4 4.
d3 Nf6 5. Qe2 Qxd5 6. Nc3 Bb4 7.
Bd2 Bxc3 8. Bxc3 Nbd7 9. dxe4 Qxe4 10. Qxe4+ Nxe4 11. Bxg7 Rg8 12. Be5 Nxe5 13. fxe5 Bg4 14. Bd3 Nc5 15. Bxh7 Rg5 16. Nf3 Bxf3 17. gxf3 Rxe5+ 18.
Kf2 O-O-O 19. Rad1 Rxd1 20. Rxd1 Rh5 21. Bg8 Rxh2+ 22.
Kg3 Rxc2 23. b4 Na6 24. Bxf7 c6 25. Bb3 Rc3 26. Rd4 c5 27. bxc5 Nxc5 28. Bg8 b5 29. Kg4 a5 30. f4 Nd3 31. f5 Nf2+ 32. Kf4 Nd3+ 33. Ke4 Nc5+ 34. Kd5 Nd7 35. Be6 Kc7 36. Rh4 Rc5+ 37. Kd4 Rc1 38. Rh7 Rd1+ 39. Kc3 Kc6 40. Rh6 Kc5 41. f6 Rf1 42. Bxd7 b4+ 43. Kd3 Kd6 44.
Bb5 Ke5 45. Kc4 Rc1+ 46. Kb3 Rc3+ 47. Kb2 Rf3 48. Bc6 Rf2+ 49. Kb3 a4+ 50. Kxb4 Rf4+ 51.
Kc5 a3 52. Bd5 1-0

[Event "*** SCC Grand Prix: Titled Tuesday Blitz"]
[Site "Chess.com"]
[Date "2020.10.13"]
[Round "9"]
[White "Maksimus1998"]
[Black "IANOV0007"]
[Result "0-1"]
[WhiteElo "2598"]
[BlackElo "2467"]
[TimeControl "180+1"]
[EndTime "11:45:25 PDT"]
[Termination "IANOV0007 won by resignation"]

1. Nf3 d6 2. d4 g6 3. e4 Bg7 4. Bc4 e6 5. O-O Ne7 6. Re1 Nd7 7. a4 O-O 8. a5 h6 9. c3 a6 10. h3 b5 11. axb6 cxb6 12. Nbd2 Bb7 13. Nf1 b5 14. Bd3 e5 15. dxe5 dxe5 16. Be3 Qc7 17. Ng3 Nc5 18. Bc2 Rfd8 19. Qe2 Ne6 20. Red1 Nf4 21. Qe1 Nc6 22.
Ne2 Ne6 23. Bb3 Qe7 24. Rxd8+ Rxd8 25. Rd1 Nc5 26. Bc2 Ne6 27. Nc1 Na5 28. Nb3 Nc4 29.
Bc1 Nf4 30. Nfd2 Nb6 31. Nf1 Nc4 32. Ne3 Nxe3 33. Bxe3 Ne6 34. Na5 Ba8 35. f3 Bf8 36. Bb3 Nf4 37. Qf2 Rxd1+ 38. Bxd1 Qc7 39. Nb3 b4 40. Bc5 bxc3 41. bxc3 Qd8 42. Bc2 Qg5 43. Kf1 Bc6 44. Bxf8 Bb5+ 45. Ke1 Nxg2+ 46. Kd1 Kxf8 47. c4 Ne3+ 48. Kc1 Nxc4+ 49. Kb1 Kg7 50. h4 Qe7 51. Nc5 Qd6 52. Qe3 Nd2+ 53. Kc1 Nxf3 54. Nb7 Qc7 55.
Qxf3 Qxb7 56. h5 Qc6 57. hxg6 Qxg6 58. Kb2 Qd6 59. Qg4+ Qg6 60. Qh4 Qf6 61. Bb3 Qxh4 0-1

[Event "*** SCC Grand Prix: Titled Tuesday Blitz"]
[Site "Chess.com"]
[Date "2020.10.13"]
[Round "9"]
[White "yourstrulyme"]
[Black "Leonid_Starozhilov"]
[Result "0-1"]
[WhiteElo "2448"]
[BlackElo "2648"]
[TimeControl "180+1"]
[EndTime "11:45:27 PDT"]
[Termination "Leonid_Starozhilov won on time"]

1. d4 Nf6 2. Nf3 g6 3. Bg5 Bg7 4. Nbd2 d6 5. e4 h6 6. Bh4 g5 7. Bg3 Nh5 8. Bd3 Nxg3 9. hxg3 e6 10. Qe2 b6 11. c3 Nd7 12. e5 dxe5 13. Be4 Rb8 14.
dxe5 Nc5 15. Bc2 Ba6 16. c4 Bb7 17. O-O-O a5 18. Ne4 Qe7 19. g4 Bc6 20. Ng3 a4 21. Nh5 Kf8 22. Nd4 Bb7 23. Kb1 a3 24. f4 gxf4 25.
Rhf1 f3 26. gxf3 axb2 27. f4 Rd8 28. f5 exf5 29. Nxg7 Be4 30. Bxe4 Nxe4 31. Qxb2 Rxd4 32. Rxd4 Kxg7 33. gxf5 Qh4 34. Qg2+ Qg5 35. Qxe4 Re8 36. f6+ Kf8 37. Re1 h5 38. Qd5 Kg8 39. Rd3 Re6 40.
Rd2 Kh7 41. Rg2 Qf5+ 42. Kb2 Rxf6 43. Ree2 Re6 44. Qd2 Rxe5 45. Rxe5 Qxe5+ 46. Qc3 f6 47. Qxe5 fxe5 48. Kc3 Kh6 49. Rg1 h4 50. Kd3 Kh5 51.
Ke4 h3 52. Kxe5 Kh4 53. Rg8 h2 0-1

[Event "*** SCC Grand Prix: Titled Tuesday Blitz"]
[Site "Chess.com"]
[Date "2020.10.13"]
[Round "9"]
[White "Kaua18"]
[Black "NMZanette"]
[Result "0-1"]
[WhiteElo "2345"]
[BlackElo "2265"]
[TimeControl "180+1"]
[EndTime "11:45:27 PDT"]
[Termination "NMZanette won on time"]

1. d4 f5 2. Bg5 Nf6 3. Nf3 e6 4. Nc3 d5 5. h4 h6 6. Bxf6 Qxf6 7.
Ne5 Bb4 8. Qd2 Nd7 9. f4 Nxe5 10. dxe5 Qe7 11. a3 Ba5 12. e3 O-O 13. b4 Bb6 14. Na4 Bd7 15. Nxb6 axb6 16. Be2 c5 17. c3 Rfc8 18.
g3 Rc7 19. Kf2 Rac8 20. Rhc1 Ba4 21. bxc5 bxc5 22. Rab1 c4 23. Rb4 b5 24. Rcb1 Ra8 25. Ra1 Qd7 26. Bd1 Rca7 27. Bxa4 Rxa4 28. Qb2 Rxb4 29.
axb4 Ra7 30. Ra5 Rb7 31. Qa1 Kh7 32. Ra6 Qf7 33. Qa5 Qg6 34. Qd8 Qf7 35. Ra8 Kg6 36. Qd6 Ra7 37. Rxa7 Qxa7 38. Qxe6+ Kh7 39. Qxf5+ Kh8 40. Qc2 Qa1 41. Qd2 Qh1 42. Qe1 Qh2+ 43. Kf3 Qh3 44. Qf2 Qf5 45. Kg2 Qe4+ 46. Kh2 g6 47. Qd2 Qf3 48. e6 Kg8 49. Qa2 Kf8 50. Qa8+ Ke7 0-1

[Event "*** SCC Grand Prix: Titled Tuesday Blitz"]
[Site "Chess.com"]
[Date "2020.10.13"]
[Round "9"]
[White "Das_Virus_2020"]
[Black "MatyChess1"]
[Result "0-1"]
[WhiteElo "2398"]
[BlackElo "2568"]
[TimeControl "180+1"]
[EndTime "11:45:29 PDT"]
[Termination "MatyChess1 won by resignation"]

1. e4 c5 2. c3 Nf6 3. e5 Nd5 4. Nf3 Nc6 5. Bc4 Nb6 6. Bb3 g6 7.
d4 cxd4 8. cxd4 Bg7 9. O-O O-O 10. Nc3 d6 11. exd6 Qxd6 12. Ne4 Qd8 13. Be3 Bf5 14.
Nc5 Na5 15. Ne5 Nd5 16. Qf3 Bxe5 17. Bxd5 Bg7 18. Nxb7 Nxb7 19. Bxb7 Rb8 20. b3 Bxd4 21. Rad1 e5 22. Be4 Be6 23. Bxd4 exd4 24. Qd3 Rb4 25.
Rd2 Qb6 26. Rfd1 Rd8 27. Qg3 a5 28. h4 a4 29. h5 axb3 30. hxg6 hxg6 31. axb3 Rxb3 32.
Qg5 Rb5 33. Qf6 Bb3 34. Qxb6 Rxb6 35. Rxd4 Rxd4 36. Rxd4 Kg7 37. f3 Be6 38. Kf2 Kf6 39.
Kg3 Ke5 40. Rd8 f5 41. Bd3 f4+ 42. Kh4 Rb2 43. Bxg6 Rxg2 44. Rb8 Rxg6 45. Rb5+ Kf6 46.
Kh5 Rg7 47. Kh6 Rg8 48. Kh7 Rg3 49. Rh5 Rh3 50. Rxh3 Bxh3 51. Kh6 Kf5 52. Kh5 Bg2 53. Kh4 Bxf3 54. Kh3 Bd5 55. Kh2 f3 56. Kg1 Ke5 57. Kf2 Kf4 0-1

[Event "*** SCC Grand Prix: Titled Tuesday Blitz"]
[Site "Chess.com"]
[Date "2020.10.13"]
[Round "9"]
[White "CM_rui"]
[Black "nochewycandy"]
[Result "0-1"]
[WhiteElo "2332"]
[BlackElo "2533"]
[TimeControl "180+1"]
[EndTime "11:45:29 PDT"]
[Termination "nochewycandy won on time"]

1. e4 Nf6 2. e5 Nd5 3. d4 d6 4.
c4 Nb6 5. Nf3 Bg4 6. exd6 exd6 7. Be2 Be7 8. Nc3 O-O 9. O-O Nc6 10. b3 Bf6 11. Be3 d5 12. c5 Nc8 13. a3 N8e7 14.
b4 Nf5 15. b5 Bxf3 16. Bxf3 Ncxd4 17. Bxd5 c6 18. bxc6 bxc6 19. Be4 Nxe3 20. fxe3 Ne6 21. Rc1 Nxc5 22. Bxh7+ Kxh7 23. Qh5+ Kg8 24. Qxc5 Re8 25.
Kh1 Qd3 26. Qxc6 Rac8 27. Qb5 Rxe3 28. Qxd3 Rxd3 29. Nb5 Rxc1 30. Rxc1 a6 31. Nc7 Rxa3 32.
h3 Be5 33. Nd5 a5 34. Ne7+ Kh7 35. Nc6 Bg3 36. Kg1 a4 37. Kf1 Re3 38. Nd4 g6 39.
Ne2 Be5 40. Kf2 Rb3 41. Rc8 a3 42. Ra8 Bb2 43. Ra7 Kg7 44. Ke1 Rd3 45. Nf4 Rd6 46. Ke2 Kf6 47. Nd3 Rb6 48. Kd2 Rb3 49. Nc5 Rb5 50. Nd3 Bd4 51. Ra6+ Rb6 52. Rxa3 Kg7 53. Ra4 Bf6 54. Re4 Ra6 55. Re2 Ra2+ 56. Ke3 Ra4 57. Kf3 Bg5 58. g4 Ra3 59. Ke4 Bd8 60.
Kd4 Bb6+ 61. Kc4 Bg1 62. Ne5 Rxh3 63. Rg2 Bb6 64. Kd5 Bc7 0-1

[Event "*** SCC Grand Prix: Titled Tuesday Blitz"]
[Site "Chess.com"]
[Date "2020.10.13"]
[Round "9"]
[White "Ermito2020"]
[Black "PhileKhoob"]
[Result "0-1"]
[WhiteElo "2666"]
[BlackElo "2528"]
[TimeControl "180+1"]
[EndTime "11:45:30 PDT"]
[Termination "PhileKhoob won on time"]

1. e4 c5 2. Nf3 d6 3. d4 cxd4 4. Nxd4 Nf6 5. Nc3 a6 6. Nb3 e5 7. Bg5 Be7 8. Bxf6 Bxf6 9. Qd3 Be6 10. O-O-O Be7 11. Nd5 Bxd5 12. Qxd5 Nc6 13. Kb1 O-O 14. c3 Rc8 15. h4 Kh8 16. g3 Rc7 17. f4 b5 18. Be2 b4 19. c4 Qa8 20. f5 a5 21.
f6 gxf6 22. Bh5 a4 23. Nc1 b3 24.
a3 Kg7 25. Rhf1 Nd4 26. Bxf7 Qc8 27. Rxd4 Rc5 28. Qe6 Qxe6 29. Bxe6 exd4 30. Nd3 Rc7 31. Rf5 h6 32. Ra5 f5 33. exf5 Kf6 34. Rxa4 Bd8 35. Nf4 Ke5 36. Ra5+ Ke4 37. Rd5 Rg7 38. Nh5 Rg4 39.
Rxd6 Bxh4 40. f6 Rg5 41. Bd5+ Kd3 42. Nf4+ Kd2 43. Re6 Rxg3 44. Re2+ Kd1 45. f7 Rg1 46. Bf3 Re1 47. Rxe1+ Kxe1 48. Bd5 Bg5 49. Ne6 Rxf7 50. Nxd4 Rf1 51. Nxb3 Ke2+ 52. Ka2 h5 53. c5 h4 54. c6 Bf4 55. a4 h3 0-1

[Event "*** SCC Grand Prix: Titled Tuesday Blitz"]
[Site "Chess.com"]
[Date "2020.10.13"]
[Round "9"]
[White "SamuelGhimpu2003"]
[Black "Witik"]
[Result "0-1"]
[WhiteElo "2576"]
[BlackElo "2741"]
[TimeControl "180+1"]
[EndTime "11:45:33 PDT"]
[Termination "Witik won by resignation"]

1. d4 d6 2. Nc3 c6 3. e4 Nd7 4. f4 e5 5. Nf3 Qa5 6. Be3 Ngf6 7.
Qd2 Be7 8. O-O-O O-O 9. Kb1 Re8 10. Ng5 b5 11. a3 b4 12. Na2 exd4 13. Bxd4 c5 14. axb4 Qc7 15. Bc3 h6 16. Bc4 hxg5 17.
fxg5 cxb4 18. gxf6 Qxc4 19. Nxb4 Bxf6 20. Nd5 Bxc3 21.
Nxc3 Nc5 22. Qxd6 Nxe4 23. Nxe4 Qxe4 24. Rhe1 Qxe1 25. Rxe1 Rxe1+ 26. Ka2 Be6+ 27. b3 Rc8 28. Qd2 Re4 29. c4 Re8 30. Ka3 g6 31. h3 Bc8 32.
Qa5 a6 33. Kb4 Re3 34. Qa4 Bf5 35. Kc5 Bc2 36. Qxa6 Bxb3 37. Kb4 R8e6 38. Qc8+ Kg7 39. c5 Bd5 40. Qd7 R3e4+ 41. Kc3 Bc6 42. Qd3 R6e5 43.
Qd6 Re6 44. Qc7 Bd5 45. Kd3 Rc4 46. Qd8 Rxc5 47. h4 Be4+ 48. Ke3 Bf5+ 49. Kd4 Rce5 50.
h5 Re4+ 51. Kc3 gxh5 52. Qg5+ Bg6 53. Qc5 Rg4 54. g3 Rxg3+ 55. Kb4 Rg4+ 56. Ka5 Rf6 57. Qc3 Rg5+ 58. Kb4 Rg4+ 59. Qc4 0-1

[Event "*** SCC Grand Prix: Titled Tuesday Blitz"]
[Site "Chess.com"]
[Date "2020.10.13"]
[Round "9"]
[White "Falcon28dz"]
[Black "kleopl"]
[Result "1/2-1/2"]
[WhiteElo "2305"]
[BlackElo "2465"]
[TimeControl "180+1"]
[EndTime "11:45:34 PDT"]
[Termination "Game drawn by repetition"]

1. e4 d5 2. exd5 Qxd5 3. Nc3 Qd6 4. d4 Nf6 5. Nf3 c6 6. h3 Bf5 7. Ne5 Nbd7 8. Nc4 Qe6+ 9. Be2 Ne4 10. O-O Nxc3 11.
bxc3 Qg6 12. Ne3 Bxh3 13. Bh5 Qg5 14. f4 Qa5 15. gxh3 Qxc3 16. Rb1 Nb6 17. Qd2 Qxd2 18. Bxd2 e6 19. c4 g6 20. Bf3 O-O-O 21. d5 Bc5 22. Kg2 Bxe3 23. Bxe3 Nxc4 24. Bd4 exd5 25. Bxh8 Ne3+ 26.
Kf2 Nxf1 27. Bc3 d4 28. Ba5 b6 29. Rxf1 bxa5 30. Bxc6 Kc7 31. Be4 Rb8 32. Rc1+ Kd7 33.
Rc2 Rb4 34. Bd3 Kd6 35. Ke2 f6 36. Bc4 g5 37. fxg5 fxg5 38. Kd3 Ke5 39. Re2+ Kf4 40.
Re4+ Kg3 41. Rg4+ Kxh3 42. Rxg5 Kh4 43. Rxa5 Rb7 44. Kxd4 Kg4 45. Ra6 Re7 46. Re6 Rd7+ 47. Bd5 h5 48. a4 h4 49. a5 h3 50. Rh6 Kg3 51. a6 h2 52. Kc5 Rg7 53. Bb7 Rg5+ 54. Kc6 Rg7 55. Kd6 Rf7 56. Rg6+ Kf2 57. Rg2+ Ke3 58. Rxh2 Kd4 59. Rh8 Kc4 60. Ra8 Kb5 61.
Rxa7 Rf8 62. Kc7 Rf7+ 63. Kb8 Kb6 64. Ra8 Rf8+ 65. Bc8 Rf7 66. Bd7 Rf8+ 67. Bc8 Rf7 68. Bd7 Rf8+ 69. Bc8 1/2-1/2

[Event "*** SCC Grand Prix: Titled Tuesday Blitz"]
[Site "Chess.com"]
[Date "2020.10.13"]
[Round "9"]
[White "lucachess49"]
[Black "Aguiar94"]
[Result "0-1"]
[WhiteElo "2406"]
[BlackElo "2579"]
[TimeControl "180+1"]
[EndTime "11:45:36 PDT"]
[Termination "Aguiar94 won on time"]

1. d4 Nf6 2. c4 e6 3. Nc3 Bb4 4. e3 O-O 5. Ne2 Re8 6. a3 Bf8 7. Ng3 e5 8. Be2 c5 9. dxc5 Bxc5 10. O-O a5 11. Rb1 Nc6 12. Nce4 Nxe4 13. Nxe4 Bf8 14. Nd6 Re6 15. Nxc8 Rxc8 16. Bd2 d5 17. Bg4 dxc4 18. Bxe6 fxe6 19. Bc3 b5 20. Qg4 Qe8 21. f4 b4 22. Bxe5 Nxe5 23. fxe5 c3 24. bxc3 bxc3 25.
Rbc1 Bxa3 26. Rc2 Bb2 27. Rf6 a4 28. Qxe6+ Qxe6 29. Rxe6 a3 30. Ra6 Rd8 31. Kf1 Rd5 32.
e6 g6 33. Ra8+ Kg7 34. e7 Re5 35. e8=Q Rxe8 36. Rxe8 a2 37. Ra8 a1=Q+ 38. Rxa1 Bxa1 39. Ke2 Kf6 40. Kd3 Ke5 41. Rxc3 Bxc3 42. Kxc3 Ke4 43.
Kd2 g5 44. Ke2 g4 45. Kf2 h5 46. Ke2 h4 47. Kd2 h3 48. g3 Kf3 49. Kd3 Kg2 50.
e4 Kxh2 51. e5 Kxg3 52. e6 h2 53. e7 h1=Q 54. e8=Q Qd1+ 55. Kc3 Qa1+ 56. Kd2 Qb2+ 57. Kd3 Qb1+ 58. Kd2 Qb2+ 59. Kd3 Qb3+ 60. Kd2 Qf3 61. Qe7 Kg2 62. Ke1 Qf2+ 63. Kd1 g3 64. Qe5 Kg1 65. Qg5 Qf3+ 66. Ke1 Qf1+ 0-1

[Event "*** SCC Grand Prix: Titled Tuesday Blitz"]
[Site "Chess.com"]
[Date "2020.10.13"]
[Round "9"]
[White "Aygehovit1992"]
[Black "kuban1991"]
[Result "1/2-1/2"]
[WhiteElo "2648"]
[BlackElo "2814"]
[TimeControl "180+1"]
[EndTime "11:45:37 PDT"]
[Termination "Game drawn - insufficient material"]

1. e4 e6 2. d4 d5 3. Nc3 Bb4 4.
e5 c5 5. a3 Bxc3+ 6. bxc3 Nc6 7. Qg4 g6 8. Nf3 Bd7 9. h4 h6 10. Bd3 Nge7 11. dxc5 Qa5 12. Bd2 O-O-O 13. Qf4 Nf5 14.
g4 g5 15. Qh2 Nxh4 16. Nxh4 gxh4 17. f4 Qxc5 18. Qxh4 d4 19. Qf2 Qd5 20. Rg1 dxc3 21. Bxc3 h5 22. g5 h4 23. O-O-O h3 24. Bf1 Qe4 25.
Re1 Qa4 26. Bb2 Na5 27. Rg3 h2 28. Bg2 Bc6 29. Rh1 Kb8 30. Bxc6 Qxc6 31. Rxh2 Rxh2 32.
Qxh2 Qe4 33. Qf2 Nc4 34. Bc3 Rh8 35. Rg1 Rh3 36. Qd4 Qxd4 37. Bxd4 Rf3 38. g6 fxg6 39. c3 Rxf4 40. Rxg6 Nxa3 41. Rxe6 Nb5 42. Bc5 b6 43.
Bd6+ Kb7 44. Re7+ Kc6 45. Bb8 a5 46. e6 Re4 47. Re8 Kb7 48. Kc2 a4 49. c4 Nd4+ 50. Kd3 Rxe6 51. Rxe6 Nxe6 52. Be5 Kc6 53. Bb2 Nc5+ 54.
Kc3 Ne4+ 55. Kb4 Nd6 56. Be5 a3 57. Bxd6 Kxd6 58. Kxa3 Kc5 59. Kb3 b5 60. cxb5 Kxb5 1/2-1/2